[Event "Titled Tuesday Blitz April 26 Late 2022"]
[White "Menna Barreto, Felipe Kubiaki"]
[Black "Donchenko, Alexander"]
[WhiteFideId "2119757"]
[BlackFideId "24603295"]
[WhiteElo "2261"]
[BlackElo "2539"]
[Result "0-1"]
[Round "01"]
[TimeControl "180+1"]
[Date "2022.04.26"]
[WhiteClock "0:00:29"]
[BlackClock "0:01:49"]

1. d4 Nf6 2. Nf3 d5 3. c4 c6 4. Nc3 e6 5. Bg5 h6 6. Bxf6 Qxf6 7. e4 dxe4 8. Nxe4 Bb4+ 9. Nc3 O-O 10. a3 Ba5 11. Bd3 Nd7 12. b4 Bc7 13. O-O e5 14. d5 Nb6 15. Ne4 Qd8 16. d6 Bb8 17. c5 Nd5 18. Nxe5 Re8 19. Qh5 Be6 20. Rad1 Nf4 21. Qf3 Nxd3 22. Qxd3 a5 23. f4 axb4 24. axb4 Ra2 25. Nc3 Ra3 26. Rfe1 Qh4 27. g3 Qh3 28. Nf3 Rd8 29. Ra1 Rxa1 30. Rxa1 b6 31. Ra8 bxc5 32. bxc5 Qh5 33. Ne5 f6 34. Nxc6 Qxc5+ 35. Nd4 Qxd6 36. Ncb5 Qd5 37. Qf3 Qxf3 38. Nxf3 Bd5 39. Nfd4 Bxa8 0-1


[Site "https://www.chess.com"]

[Event "Titled Tuesday Blitz April 26 Late 2022"]
[White "Mickiewicz, Piotr"]
[Black "Mardov, Dimitar"]
[WhiteFideId "1114891"]
[BlackFideId "30919495"]
[WhiteElo "2266"]
[BlackElo "2185"]
[Result "0-1"]
[Round "01"]
[TimeControl "180+1"]
[Date "2022.04.26"]
[WhiteClock "0:00:04"]
[BlackClock "0:01:38"]

1. e4 c5 2. Nf3 e6 3. d4 cxd4 4. Nxd4 a6 5. Bd3 Qc7 6. Qe2 Nf6 7. e5 Nd5 8. a3 Nc6 9. Nxc6 bxc6 10. c4 Nb6 11. O-O Be7 12. Nc3 O-O 13. Qe4 g6 14. Bh6 Bb7 15. Bxf8 Rxf8 16. Qe2 f5 17. f4 c5 18. Rab1 Rb8 19. b4 cxb4 20. axb4 Bxb4 21. Rxb4 Qc5+ 22. Qf2 Qxb4 23. Ne2 Na4 24. Rb1 Qc5 25. h4 Qxf2+ 26. Kxf2 Nc5 27. Ke3 Nxd3 0-1


[Site "https://www.chess.com"]

[Event "Titled Tuesday Blitz April 26 Late 2022"]
[White "Mirza, Diana"]
[Black "Pesotskiy, Mikhail"]
[WhiteFideId "2503999"]
[BlackFideId "34164453"]
[WhiteElo "1813"]
[BlackElo "2010"]
[Result "0-1"]
[Round "01"]
[TimeControl "180+1"]
[Date "2022.04.26"]
[WhiteClock "0:00:03"]
[BlackClock "0:00:48"]

1. d4 Nf6 2. Nf3 e6 3. e3 b6 4. Bd3 Bb7 5. b3 c5 6. Bb2 Be7 7. Nbd2 O-O 8. O-O Nc6 9. e4 cxd4 10. Nxd4 Nxd4 11. Bxd4 d6 12. f4 Rc8 13. Rf3 Qc7 14. Rh3 e5 15. fxe5 dxe5 16. Bb2 Bc5+ 17. Kh1 Bd4 18. c3 Bxc3 19. Rc1 Bxb2 20. Rxc7 Rxc7 21. Nc4 Bd4 22. Nd6 Ba8 23. g4 Rd7 24. Nf5 Nxe4 25. Bxe4 Bxe4+ 26. Rf3 Rc8 27. Kg2 Rc3 28. Nxd4 exd4 29. Qe2 Bxf3+ 30. Qxf3 Rxf3 31. Kxf3 d3 0-1


[Site "https://www.chess.com"]

[Event "Titled Tuesday Blitz April 26 Late 2022"]
[White "Moiseenko, Alexander"]
[Black "Papp, Petra"]
[WhiteFideId "14102560"]
[BlackFideId "739049"]
[WhiteElo "2577"]
[BlackElo "2259"]
[Result "1-0"]
[Round "01"]
[TimeControl "180+1"]
[Date "2022.04.26"]
[WhiteClock "0:00:50"]
[BlackClock "0:00:46"]

1. d4 Nf6 2. Bg5 g6 3. Bxf6 exf6 4. c4 Bg7 5. Nc3 O-O 6. e3 f5 7. g3 d6 8. Bg2 Nd7 9. Nge2 c6 10. O-O Nf6 11. b4 Re8 12. Qd3 Qe7 13. b5 Ne4 14. a4 h5 15. a5 h4 16. a6 Bf6 17. axb7 Bxb7 18. bxc6 Bxc6 19. Nf4 Kg7 20. Nfd5 Bxd5 21. Nxd5 Qd7 22. Nxf6 Kxf6 23. f3 Ng5 24. gxh4 Ne6 25. f4 Rab8 26. Qc3 d5 27. Bxd5 Nc7 28. Bc6 Qd6 29. d5+ Ke7 30. c5 Qf6 31. d6+ Ke6 32. Qxf6+ Kxf6 33. dxc7 1-0


[Site "https://www.chess.com"]

[Event "Titled Tuesday Blitz April 26 Late 2022"]
[White "Moradiabadi, Elshan"]
[Black "Gutierrez Olivares, Daniel"]
[WhiteFideId "12501255"]
[BlackFideId "2264005"]
[WhiteElo "2550"]
[BlackElo "2317"]
[Result "1-0"]
[Round "01"]
[TimeControl "180+1"]
[Date "2022.04.26"]
[WhiteClock "0:01:29"]
[BlackClock "0:00:02"]

1. d4 Nf6 2. Nf3 e6 3. c4 b6 4. g3 Ba6 5. Qc2 Bb4+ 6. Nbd2 c5 7. Bg2 Nc6 8. dxc5 bxc5 9. O-O O-O 10. Nb3 Na5 11. Ne5 Rb8 12. Nxa5 Bxa5 13. b3 Bc7 14. Bb2 Bb7 15. Bxb7 Rxb7 16. Rad1 Qe7 17. Qc3 d5 18. cxd5 exd5 19. Ng4 d4 20. Nxf6+ gxf6 21. Qf3 Rb6 22. e3 dxe3 23. fxe3 Be5 24. Bxe5 fxe5 25. Rd5 Rg6 26. Qe4 Re8 27. Qc4 Rc8 28. b4 Rgc6 29. Qg4+ Kh8 30. Rd7 Qe6 31. Qxe6 Rxe6 32. Rfxf7 cxb4 33. Rxh7+ Kg8 34. Rdg7+ Kf8 35. Rxa7 Kg8 36. Rag7+ Kf8 37. Kg2 Rc2+ 38. Kf3 e4+ 39. Kg4 Rxh2 40. Rxh2 Kxg7 41. Kf5 Re7 42. Rb2 Ra7 43. Kxe4 Kg6 44. Kf4 Ra4 45. e4 Kf6 46. g4 Kg6 47. g5 Kg7 48. Rc2 Kf7 49. Rc7+ Ke6 50. Rb7 Rxa2 51. Rb6+ Kf7 52. Rxb4 Rg2 53. Rb6 Rf2+ 54. Ke5 Rg2 55. Rf6+ Ke7 56. Kf5 Rf2+ 57. Kg6 Re2 58. Rf4 Ke6 59. Kh7 Rh2+ 60. Kg7 Ke5 61. Rg4 Rc2 62. g6 Rc7+ 63. Kh8 Kf6 64. g7 Rc8+ 65. Kh7 Rg8 1-0


[Site "https://www.chess.com"]

[Event "Titled Tuesday Blitz April 26 Late 2022"]
[White "Moral Garcia, Serafin"]
[Black "Kollars, Dmitrij"]
[WhiteFideId "2201925"]
[BlackFideId "12909572"]
[WhiteElo "2228"]
[BlackElo "2584"]
[Result "0-1"]
[Round "01"]
[TimeControl "180+1"]
[Date "2022.04.26"]
[WhiteClock "0:00:48"]
[BlackClock "0:01:29"]

1. e4 c6 2. d4 d5 3. exd5 cxd5 4. c4 Nf6 5. Nc3 Nc6 6. Bg5 e6 7. Nf3 Be7 8. c5 O-O 9. Bb5 Bd7 10. O-O Ne4 11. Bxe7 Nxe7 12. Qb3 Nxc3 13. bxc3 b6 14. Bxd7 Qxd7 15. cxb6 axb6 16. Ne5 Qc7 17. Rab1 Ra6 18. Rfc1 Nf5 19. Nd3 Rfa8 20. Nb4 Ra3 21. Qb2 Nd6 22. f3 h6 23. Qc2 Qc4 24. Rb3 R3a4 25. Rcb1 Nb5 26. Qd3 Na3 27. R1b2 Qxd3 28. Nxd3 Nc4 29. Rf2 Rxa2 30. Nb4 Ra1+ 0-1


[Site "https://www.chess.com"]

[Event "Titled Tuesday Blitz April 26 Late 2022"]
[White "Moussard, Jules"]
[Black "Toncheva, Nadya"]
[WhiteFideId "642908"]
[BlackFideId "2924056"]
[WhiteElo "2589"]
[BlackElo "1884"]
[Result "1-0"]
[Round "01"]
[TimeControl "180+1"]
[Date "2022.04.26"]
[WhiteClock "0:02:01"]
[BlackClock "0:00:01"]

1. Nf3 Nf6 2. b3 d6 3. d4 g6 4. Bb2 Bg7 5. g3 O-O 6. Bg2 Nfd7 7. O-O Nc6 8. c4 e5 9. e3 Re8 10. Nc3 f5 11. dxe5 Ndxe5 12. Nd4 Bd7 13. Qd2 Nxd4 14. exd4 Nc6 15. Nd5 Be6 16. b4 a6 17. Rfe1 Qd7 18. a4 Bf7 19. b5 Nd8 20. Rxe8+ Bxe8 21. Re1 Ne6 22. Nb4 Bf7 23. Bxb7 Re8 24. Bc6 Qd8 25. Bxe8 1-0


[Site "https://www.chess.com"]

[Event "Titled Tuesday Blitz April 26 Late 2022"]
[White "Nakamura, Hikaru"]
[Black "Guz, Ari"]
[WhiteFideId "2016192"]
[BlackFideId "2825759"]
[WhiteElo "2850"]
[BlackElo "1913"]
[Result "1-0"]
[Round "01"]
[TimeControl "180+1"]
[Date "2022.04.26"]
[WhiteClock "0:01:12"]
[BlackClock "0:00:19"]

1. Nf3 Nf6 2. b3 b6 3. Bb2 Bb7 4. g3 e6 5. Bg2 Be7 6. d4 O-O 7. O-O d6 8. c4 Nbd7 9. Nc3 Ne4 10. Qc2 Ndf6 11. Nd1 c5 12. dxc5 Nxc5 13. b4 Ncd7 14. Ne3 Rc8 15. Qb3 d5 16. cxd5 Nxd5 17. a3 Bf6 18. Ng4 Bxb2 19. Qxb2 h5 20. Nge5 Qf6 21. e4 Nxe5 22. Nxe5 Nc3 23. Nd7 Qd4 24. Nxf8 Kxf8 25. Rac1 Ba6 26. Rc2 Bxf1 27. Bxf1 e5 28. Qc1 h4 29. Qe1 hxg3 30. hxg3 Rc7 31. Bg2 Kg8 32. Rd2 Qc4 33. Rd8+ Kh7 34. Bf3 g6 35. Kg2 Kg7 36. Qh1 Kf6 37. Qh4+ Ke6 38. Bg4+ f5 39. Bxf5+ gxf5 40. Qh6+ Kf7 41. Rf8+ Ke7 42. Qf6+ 1-0


[Site "https://www.chess.com"]

[Event "Titled Tuesday Blitz April 26 Late 2022"]
[White "Ohanyan, Emin"]
[Black "Vidonyak, Roman"]
[WhiteFideId "13312022"]
[BlackFideId "14100622"]
[WhiteElo "1927"]
[BlackElo "2397"]
[Result "1-0"]
[Round "01"]
[TimeControl "180+1"]
[Date "2022.04.26"]
[WhiteClock "0:01:25"]
[BlackClock "0:01:13"]

1. e4 c5 2. Nf3 d6 3. d4 cxd4 4. Nxd4 Nf6 5. Nc3 a6 6. Bc4 e6 7. Bb3 Nbd7 8. f4 Nc5 9. f5 Be7 10. fxe6 fxe6 11. O-O Nxb3 12. axb3 O-O 13. Qd3 Bd7 14. Be3 Qe8 15. h3 Qg6 16. Bf2 Nh5 17. Nde2 Rae8 18. Rad1 Kh8 19. e5 Qxd3 20. Rxd3 d5 21. Be3 Rxf1+ 22. Kxf1 Rf8+ 23. Kg1 g6 24. g4 Ng7 25. Nd4 h5 26. Nce2 hxg4 27. hxg4 g5 28. Rc3 Rc8 29. Rxc8+ Bxc8 30. Nf3 Kh7 31. Bxg5 Bc5+ 32. Kg2 Kg6 33. Nf4+ Kf7 34. Bf6 Ne8 35. Ng5+ 1-0


[Site "https://www.chess.com"]

[Event "Titled Tuesday Blitz April 26 Late 2022"]
[White "Ouellet, Maili-Jade"]
[Black "Abdrlauf, Elham"]
[WhiteFideId "2620472"]
[BlackFideId "1533533"]
[WhiteElo "1899"]
[BlackElo "2334"]
[Result "1-0"]
[Round "01"]
[TimeControl "180+1"]
[Date "2022.04.26"]
[WhiteClock "0:00:16"]
[BlackClock "0:00:05"]

1. d4 Nf6 2. c4 e6 3. Nc3 d5 4. cxd5 exd5 5. Bg5 c6 6. e3 Bd6 7. Bd3 O-O 8. Qc2 h6 9. Bh4 Re8 10. Nge2 a5 11. h3 Na6 12. a3 Nc7 13. O-O Ne6 14. f4 Be7 15. Rf3 c5 16. Bb5 Bd7 17. dxc5 Nxc5 18. Nd4 Rc8 19. Bxd7 Qxd7 20. Nf5 Bd8 21. Rd1 Nce4 22. g4 Nxc3 23. bxc3 Ne4 24. Bxd8 Qxd8 25. c4 Rxc4 26. Qb2 Qf6 27. Qxb7 Rc2 28. Nd4 Rcc8 29. Nf5 Rb8 30. Qa7 Rb2 31. Qxa5 Nc3 32. Rdf1 Ne2+ 33. Kh1 Rc8 34. Qxd5 Rcc2 35. R3f2 g6 36. Nxh6+ Kg7 37. g5 Qc6 38. Qxc6 1-0


[Site "https://www.chess.com"]

[Event "Titled Tuesday Blitz April 26 Late 2022"]
[White "Pakleza, Zbigniew"]
[Black "Urbina Perez, Juan Antonio"]
[WhiteFideId "1119290"]
[BlackFideId "2217368"]
[WhiteElo "2467"]
[BlackElo "2192"]
[Result "1/2-1/2"]
[Round "01"]
[TimeControl "180+1"]
[Date "2022.04.26"]
[WhiteClock "0:00:02"]
[BlackClock "0:00:05"]

1. d4 d5 2. Bf4 c6 3. e3 Qb6 4. Qc1 Bf5 5. c4 e6 6. Nc3 Nf6 7. c5 Qd8 8. h3 Be7 9. Nf3 h6 10. Be2 O-O 11. O-O Qc8 12. b4 a6 13. a4 Bd8 14. b5 axb5 15. axb5 Rxa1 16. Qxa1 Bc7 17. Bxc7 Qxc7 18. Qa7 Nbd7 19. bxc6 Qxc6 20. Ra1 Ne4 21. Bb5 Qc8 22. Na4 Ndf6 23. Ne5 Nh7 24. Nd7 Rd8 25. Nab6 Qc7 26. f3 Bxh3 27. Ne5 f6 28. Na8 Qe7 29. Ng6 Qf7 30. Nf4 Bxg2 31. Kxg2 e5 32. Qb6 Rf8 33. Qe6 Nc3 34. Qxf7+ Rxf7 35. Be8 Re7 36. Ra3 exf4 37. Rxc3 Rxe8 38. Nc7 Rxe3 39. Rxe3 fxe3 40. Nxd5 Kf7 41. Nxe3 Ng5 42. d5 Ke7 43. Nf5+ Kf7 44. c6 bxc6 45. dxc6 Ne6 46. Nd6+ Ke7 47. Nf5+ Kf7 48. Nd6+ Ke7 49. Nf5+ Kd8 50. Nd6 Kc7 51. Nf5 Kxc6 52. Kg3 Kd7 53. Ne3 Ke7 54. Kg4 Kf7 55. Nf5 Nc5 56. Nd6+ Ke7 57. Nf5+ Kf7 58. Nd6+ Kg6 59. f4 Nd3 60. f5+ Kh7 61. Kh5 Ne5 62. Ne4 Nf3 63. Kg4 Nd4 64. Nd6 Kg8 65. Kh5 Kf8 66. Kg6 Nf3 67. Kh5 Ke7 68. Nc8+ Kf7 69. Nd6+ Kf8 70. Nc8 Nd4 71. Kg6 Ne2 72. Nd6 Ng3 73. Nb5 h5 74. Nd4 h4 75. Nf3 h3 76. Kh7 Nxf5 77. Kg6 Ng3 78. Nh2 Ke7 79. Kxg7 Ke6 80. Kg6 Ke5 81. Kh6 Kf4 82. Kg6 f5 83. Kh6 Ke4 84. Kg5 f4 85. Kg4 Ne2 86. Kxh3 Ke3 87. Kg4 Nd4 88. Kh3 Nf3 89. Ng4+ Ke2 90. Nf6 Ne5 91. Nh5 f3 92. Ng3+ Ke3 93. Kh2 Ng4+ 94. Kg1 f2+ 95. Kg2 Ne5 96. Nh1 Nf3 97. Nxf2 1/2-1/2


[Site "https://www.chess.com"]

[Event "Titled Tuesday Blitz April 26 Late 2022"]
[White "Paravyan, David"]
[Black "Mortazavi, Ali"]
[WhiteFideId "4194985"]
[BlackFideId "401323"]
[WhiteElo "2569"]
[BlackElo "2339"]
[Result "1/2-1/2"]
[Round "01"]
[TimeControl "180+1"]
[Date "2022.04.26"]
[WhiteClock "0:00:04"]
[BlackClock "0:00:20"]

1. e4 c6 2. d4 d5 3. e5 Bf5 4. Nf3 e6 5. Be2 Ne7 6. O-O Ng6 7. c4 dxc4 8. Bxc4 Nd7 9. Nc3 Nb6 10. Bb3 Nh4 11. Nxh4 Qxh4 12. Be3 Be7 13. Qf3 h5 14. Rfe1 g5 15. a4 a5 16. Rac1 Qg4 17. Qxg4 hxg4 18. Ne2 Rd8 19. Ng3 Bg6 20. Bd2 Rxd4 21. Bxa5 Nxa4 22. Ne2 Re4 23. Bc2 Nxb2 24. Bxe4 Bxe4 25. Nc3 Bf5 26. Ra1 Nd3 27. Re2 Bc5 28. Na4 Bd4 29. Bc3 Bxc3 30. Nxc3 O-O 31. Ne4 Nf4 32. Ree1 Bxe4 33. Rxe4 b5 34. g3 Nd5 35. Rxg4 Rb8 36. Rxg5+ Kf8 37. Rh5 Kg7 38. Rg5+ Kf8 39. Rh5 Kg7 40. Rg5+ Kf8 1/2-1/2


[Site "https://www.chess.com"]

[Event "Titled Tuesday Blitz April 26 Late 2022"]
[White "Pasti, Aron"]
[Black "Tatarinov, Dmitry"]
[WhiteFideId "785857"]
[BlackFideId "24160067"]
[WhiteElo "2133"]
[BlackElo "2302"]
[Result "0-1"]
[Round "01"]
[TimeControl "180+1"]
[Date "2022.04.26"]
[WhiteClock "0:00:11"]
[BlackClock "0:01:26"]

1. e4 c5 2. Nf3 d6 3. d4 cxd4 4. Nxd4 Nf6 5. Nc3 a6 6. Bg5 e6 7. f4 Qb6 8. Qd2 Qxb2 9. Rb1 Qa3 10. e5 h6 11. Bh4 dxe5 12. fxe5 Nfd7 13. Rb3 Qa5 14. Be2 Bc5 15. O-O Nc6 16. Bf2 Nxd4 17. Bxd4 Bxd4+ 18. Qxd4 Qxe5 19. Qd3 Nc5 20. Qf3 O-O 21. Rb4 Bd7 22. Rf4 Bc6 23. Qg3 Rad8 24. Bh5 f5 25. Bg6 Rd2 26. Re1 Rxg2+ 27. Qxg2 Qxe1+ 28. Rf1 Qxc3 0-1


[Site "https://www.chess.com"]

[Event "Titled Tuesday Blitz April 26 Late 2022"]
[White "Peatman, Carter"]
[Black "Kozak, Adam"]
[WhiteFideId "2096480"]
[BlackFideId "753246"]
[WhiteElo "2471"]
[BlackElo "2459"]
[Result "1-0"]
[Round "01"]
[TimeControl "180+1"]
[Date "2022.04.26"]
[WhiteClock "0:00:29"]
[BlackClock "0:00:01"]

1. d4 Nf6 2. Bf4 d5 3. e3 e6 4. c3 Bd6 5. Bg3 O-O 6. Nf3 Nbd7 7. c4 Bb4+ 8. Nc3 Ne4 9. Rc1 c6 10. Qb3 Ba5 11. Bd3 f5 12. Ne5 Nxg3 13. hxg3 Nxe5 14. dxe5 Bc7 15. f4 Bb6 16. Ke2 d4 17. Na4 dxe3 18. Nxb6 axb6 19. Kxe3 h6 20. Be2 Qc7 21. Rhd1 Ra5 22. Rd6 g5 23. Rcd1 Qg7 24. Qxb6 Ra6 25. Qc5 Rxa2 26. R1d2 Qc7 27. Bh5 Ra5 28. Qd4 Qe7 29. Rd8 Ra8 30. Rxf8+ Kxf8 31. Qd8+ Qxd8 32. Rxd8+ Kg7 33. Be8 b6 34. Bxc6 Rb8 35. Bd7 Rb7 36. Bxc8 Rb8 37. Rd7+ Kf8 38. Rc7 Rxc8 39. Rxc8+ Ke7 40. Rc7+ Kd8 41. Rh7 Ke8 42. Rxh6 Kd7 43. fxg5 Kc6 44. Kd4 Kd7 45. Rh7+ Kc6 46. g6 b5 47. g7 b4 48. g8=Q b3 49. Qc8+ Kb6 50. Rb7+ Ka5 51. Qa8# 1-0


[Site "https://www.chess.com"]

[Event "Titled Tuesday Blitz April 26 Late 2022"]
[White "Petrova, Irina"]
[Black "Tregubov, Pavel V."]
[WhiteFideId "14124122"]
[BlackFideId "4115341"]
[WhiteElo "1993"]
[BlackElo "2341"]
[Result "0-1"]
[Round "01"]
[TimeControl "180+1"]
[Date "2022.04.26"]
[WhiteClock "0:00:07"]
[BlackClock "0:00:16"]

1. e4 c5 2. Nf3 e6 3. b3 Nc6 4. Bb2 a6 5. g3 d5 6. e5 Nge7 7. Bg2 Nf5 8. O-O Be7 9. d3 O-O 10. c3 b5 11. Re1 a5 12. Nbd2 a4 13. Nf1 Bb7 14. h4 d4 15. c4 bxc4 16. bxc4 a3 17. Bc1 Nb4 18. Bf4 Bc6 19. Qe2 Rb8 20. Ng5 Bxg2 21. Kxg2 Qd7 22. Ne4 Nc6 23. h5 h6 24. Nh2 Rb2 25. Qg4 Nb4 26. Red1 Kh8 27. Nf3 Ne3+ 28. Bxe3 dxe3 29. d4 exf2 30. dxc5 Qc6 31. Nxf2 Nc2 32. Kg1 Nxa1 33. Rxa1 Bxc5 34. Nd4 Qb6 35. Rd1 Rd8 0-1


[Site "https://www.chess.com"]

[Event "Titled Tuesday Blitz April 26 Late 2022"]
[White "Petrovic, Aleksa"]
[Black "Mikhailov, Viacheslav"]
[WhiteFideId "967629"]
[BlackFideId "4187369"]
[WhiteElo "2198"]
[BlackElo "2381"]
[Result "1-0"]
[Round "01"]
[TimeControl "180+1"]
[Date "2022.04.26"]
[WhiteClock "0:00:27"]
[BlackClock "0:00:08"]

1. d4 c5 2. d5 e5 3. c4 d6 4. Nc3 Be7 5. Nf3 a6 6. h3 f5 7. e4 Nf6 8. exf5 Bxf5 9. g4 Bg6 10. Nh4 Bf7 11. Nf5 Bf8 12. Be2 g6 13. Ng3 Bg7 14. g5 Ng8 15. h4 Nd7 16. h5 Qa5 17. h6 Bf8 18. Bd2 O-O-O 19. a4 Qc7 20. Bg4 Ne7 21. Qf3 Be8 22. Nge4 Kb8 23. Be6 Nf5 24. O-O Nd4 25. Qd3 Be7 26. Nb5 axb5 27. axb5 b6 28. Ra6 Nxe6 29. dxe6 Kc8 30. exd7+ Qxd7 31. Ra8+ Kb7 32. Qd5+ Kc7 33. Ra7+ Kb8 34. Qa8# 1-0


[Site "https://www.chess.com"]

[Event "Titled Tuesday Blitz April 26 Late 2022"]
[White "Pichot, Alan"]
[Black "Semenenko, Dmytry"]
[WhiteFideId "110973"]
[BlackFideId "14118645"]
[WhiteElo "2579"]
[BlackElo "2113"]
[Result "1/2-1/2"]
[Round "01"]
[TimeControl "180+1"]
[Date "2022.04.26"]
[WhiteClock "0:00:31"]
[BlackClock "0:00:08"]

1. e4 Nf6 2. e5 Nd5 3. d4 d6 4. c4 Nb6 5. exd6 cxd6 6. Nc3 g6 7. h3 Bg7 8. Nf3 O-O 9. Be3 Nc6 10. Rc1 d5 11. b3 dxc4 12. bxc4 e5 13. d5 Na5 14. c5 Nbc4 15. Bxc4 Nxc4 16. O-O Nxe3 17. fxe3 f5 18. e4 Bh6 19. Nxe5 Bxc1 20. Qxc1 Qf6 21. Nf3 fxe4 22. Nxe4 Qf4 23. Qxf4 Rxf4 24. Nd6 b6 25. c6 Rf6 26. Nb5 Ba6 27. a4 Rd8 28. Rd1 Rxc6 29. dxc6 Rxd1+ 30. Kf2 Rc1 31. Nfd4 Bxb5 32. axb5 Kf7 33. Ke3 Ke7 34. Kd2 Rc4 35. Kd3 Rc5 36. Ke4 Kd6 37. g4 Rc4 38. Kd3 Kd5 39. Nc2 Rc5 40. Nd4 Rc1 41. Nc2 Kd6 42. Nd4 Rh1 43. Ke4 Rxh3 44. g5 Rh4+ 45. Ke3 Rg4 46. Nf3 Kc7 47. Kd3 Rb4 48. Nd4 Rb1 49. Ke4 Re1+ 50. Kd5 Rg1 51. Ne6+ Kc8 52. Ke5 Re1+ 53. Kf6 a6 54. bxa6 Ra1 55. Kg7 Rxa6 56. Kxh7 b5 57. Nd4 b4 58. Kxg6 Kc7 59. Kh7 Rb6 60. g6 b3 61. g7 Rb8 62. Nxb3 Kxc6 63. Nd4+ Kd5 64. Nf5 Ke5 65. Ne7 Kf6 66. Nd5+ Kf7 67. Nf4 Rg8 68. Nh5 Rxg7+ 69. Nxg7 1/2-1/2


[Site "https://www.chess.com"]

[Event "Titled Tuesday Blitz April 26 Late 2022"]
[White "Piekarski, Atila Balzer"]
[Black "Suder, Jakub"]
[WhiteFideId "2119552"]
[BlackFideId "1195310"]
[WhiteElo "2050"]
[BlackElo "2058"]
[Result "1-0"]
[Round "01"]
[TimeControl "180+1"]
[Date "2022.04.26"]
[WhiteClock "0:00:11"]
[BlackClock "0:00:04"]

1. d4 d5 2. Bg5 c6 3. Nc3 Qb6 4. Qd2 Nd7 5. f3 e5 6. dxe5 Bc5 7. e3 h6 8. Na4 Qb4 9. Nxc5 Qxc5 10. Bf4 Ne7 11. Bg3 Ng6 12. f4 Nb6 13. Bf2 Qe7 14. Nf3 Bg4 15. O-O-O O-O-O 16. Kb1 Kb8 17. Be2 f6 18. exf6 Qxf6 19. h3 Bxf3 20. gxf3 Rhe8 21. Bd3 Ne7 22. Rhg1 Nec8 23. Rg6 Qf8 24. Rdg1 Rd7 25. b3 Nd6 26. Qc3 Ree7 27. e4 dxe4 28. fxe4 Ne8 29. f5 Ka8 30. e5 Nd5 31. Qc5 Nb6 32. f6 gxf6 33. exf6 Rf7 34. Qxf8 Rxf8 35. Rg8 Rdf7 36. Rxf8 Rxf8 37. Bd4 Nd5 38. Rg7 Nexf6 39. Bxf6 Nxf6 40. Kb2 Kb8 41. a4 Nd5 42. Rg6 Rf6 43. Rg8+ Kc7 44. Rh8 Nf4 45. Be4 Kb6 46. a5+ Kxa5 47. Rh7 Kb6 48. b4 Ne6 49. Kb3 Ng5 50. Re7 Nxe4 51. Rxe4 Rf3+ 52. c3 Rxh3 53. Re7 h5 54. Rh7 h4 55. Kc4 Ka6 56. Rh6 Rh1 57. Kc5 h3 58. c4 h2 59. Rh5 Rg1 60. Rxh2 Rg5+ 61. Kd4 Rg6 62. Rh5 Kb6 63. Rf5 Rg7 64. Rh5 Kc7 65. Kc5 Rd7 66. b5 b6+ 67. Kb4 Rd3 68. bxc6 Kxc6 69. Rh6+ Kb7 70. Rh7+ Ka6 71. Rg7 Rf3 72. Rh7 Rf4 73. Re7 Rh4 74. Rg7 Rh5 75. Rf7 Rc5 76. Rg7 Rc8 77. Rh7 1-0


[Site "https://www.chess.com"]

[Event "Titled Tuesday Blitz April 26 Late 2022"]
[White "Potapova, Margarita"]
[Black "Wartiovaara, Oliver"]
[WhiteFideId "14126869"]
[BlackFideId "513024"]
[WhiteElo "2216"]
[BlackElo "1971"]
[Result "1-0"]
[Round "01"]
[TimeControl "180+1"]
[Date "2022.04.26"]
[WhiteClock "0:00:48"]
[BlackClock "0:00:06"]

1. d4 Nf6 2. c4 g6 3. Nc3 Bg7 4. e4 O-O 5. h3 d6 6. Be3 c5 7. d5 e6 8. Nf3 exd5 9. exd5 Re8 10. Bd3 Rxe3+ 11. fxe3 Qe7 12. e4 Nbd7 13. O-O Ne5 14. Nxe5 Qxe5 15. Qf3 Bd7 16. g4 h6 17. Rae1 a6 18. a4 Rf8 19. Kg2 h5 20. Qg3 Qxg3+ 21. Kxg3 hxg4 22. hxg4 Nxg4 23. Be2 Ne5 24. Rh1 f5 25. exf5 gxf5 26. Ref1 Ng6 27. Rhg1 Bd4 28. Rg2 f4+ 29. Kh2 Kf7 30. Bh5 Rh8 31. Rxf4+ Ke7 32. Re4+ Be5+ 33. Kg1 Rxh5 34. Rxg6 Bf5 35. Rxe5+ dxe5 36. Rg7+ Kf6 37. Rxb7 Rh3 38. Kg2 Rd3 39. Kf2 Kg5 40. Ke2 1-0


[Site "https://www.chess.com"]

[Event "Titled Tuesday Blitz April 26 Late 2022"]
[White "Proudian, Armen"]
[Black "Winkels, Marcel"]
[WhiteFideId "2130734"]
[BlackFideId "1003887"]
[WhiteElo "2380"]
[BlackElo "1900"]
[Result "1-0"]
[Round "01"]
[TimeControl "180+1"]
[Date "2022.04.26"]
[WhiteClock "0:01:10"]
[BlackClock "0:00:12"]

1. e4 c5 2. Nf3 e6 3. d4 cxd4 4. Nxd4 a6 5. Bd3 Nf6 6. O-O d6 7. f4 Nbd7 8. Kh1 Be7 9. Nc3 O-O 10. Qf3 Rb8 11. a4 Qc7 12. Be3 b6 13. Qh3 e5 14. Nf5 Nc5 15. fxe5 dxe5 16. Qg3 Bxf5 17. Rxf5 Nxd3 18. cxd3 Kh8 19. Raf1 Rbd8 20. Bg5 b5 21. axb5 axb5 22. Bxf6 Bxf6 23. Nd5 Qc2 24. b4 Rg8 25. h3 Rde8 26. Qf3 Rc8 27. Rh5 Ra8 28. Rxh7+ Kxh7 29. Qh5# 1-0


[Site "https://www.chess.com"]

[Event "Titled Tuesday Blitz April 26 Late 2022"]
[White "Przybylski, Wojciech"]
[Black "Xu, Yi"]
[WhiteFideId "1117599"]
[BlackFideId "8605564"]
[WhiteElo "2133"]
[BlackElo "2471"]
[Result "0-1"]
[Round "01"]
[TimeControl "180+1"]
[Date "2022.04.26"]
[WhiteClock "0:00:01"]
[BlackClock "0:00:11"]

1. e4 c5 2. Nf3 d6 3. Bb5+ Nd7 4. Ba4 Nf6 5. Nc3 a6 6. Bb3 e6 7. d3 b5 8. O-O Bb7 9. a4 b4 10. Ne2 Qc7 11. h3 g6 12. Bf4 Bg7 13. c3 bxc3 14. bxc3 O-O 15. Ng3 Rfd8 16. Bc2 Ne5 17. Nd2 Rac8 18. Be3 c4 19. d4 Nd3 20. Nxc4 Nxf2 21. Rxf2 Qxc4 22. Bd2 e5 23. d5 Nd7 24. Rb1 Qc7 25. Qf3 Rf8 26. h4 h5 27. Bd3 Nf6 28. Be1 Ra8 29. Rfb2 Bc8 30. Qe3 Ng4 31. Qe2 Bh6 32. Nf1 Bd7 33. Rb7 Qc5+ 34. Kh1 Bxa4 35. Bxa6 Qa5 36. Bd3 Qd8 37. Qf3 Bd7 38. Be2 Ra2 39. Qd3 f5 40. exf5 Bxf5 41. Qc4 Bxb1 42. Rxb1 Ra7 43. Qe4 Rg7 44. Bf3 Nf6 45. Qe2 Qe7 46. Ng3 Ng4 47. Ne4 Nf6 48. Ng5 Bxg5 49. hxg5 Nh7 50. Bh4 Nxg5 51. Qe3 Rf4 52. g3 Rxh4+ 53. gxh4 Nxf3 54. Qxf3 Qxh4+ 55. Kg2 Rf7 56. Rb8+ Kg7 57. Qg3 Qe4+ 58. Kh2 Qxd5 59. Rb2 Qe4 60. Rg2 Qf4 61. Kh3 Qxg3+ 62. Kxg3 Rf4 63. Rc2 Rc4 64. Rd2 Kh6 65. Rd3 Kg5 66. Rf3 d5 67. Rd3 d4 68. cxd4 Rxd4 69. Re3 Rg4+ 70. Kh3 e4 71. Re1 Rf4 72. Rg1+ Kf5 73. Re1 g5 74. Kg3 Rf3+ 75. Kg2 Kf4 76. Ra1 Rd3 77. Ra6 Rd2+ 78. Kg1 Kg3 79. Ra3+ Kg4 80. Ra4 Kf3 81. Ra3+ e3 82. Ra1 g4 83. Rb1 h4 84. Ra1 Kg3 85. Rb1 Re2 86. Rf1 Rg2+ 87. Kh1 Rh2+ 88. Kg1 Rf2 89. Rc1 h3 90. Rc3 Rf3 91. Rc1 e2 0-1


[Site "https://www.chess.com"]

[Event "Titled Tuesday Blitz April 26 Late 2022"]
[White "Qiao, Cindy"]
[Black "Araujo Sanchez, Josue"]
[WhiteFideId "2620243"]
[BlackFideId "6416896"]
[WhiteElo "2231"]
[BlackElo "2339"]
[Result "1-0"]
[Round "01"]
[TimeControl "180+1"]
[Date "2022.04.26"]
[WhiteClock "0:00:12"]
[BlackClock "0:00:42"]

1. d4 Nf6 2. Bf4 g6 3. Nc3 d5 4. e3 Bg7 5. Nb5 Na6 6. Nf3 O-O 7. h3 Ne4 8. Bd3 c6 9. Nc3 Nxc3 10. bxc3 Nc7 11. c4 c5 12. c3 b6 13. O-O Bb7 14. Rb1 dxc4 15. Bxc4 Nd5 16. Bxd5 Qxd5 17. a3 Rfd8 18. Qe2 cxd4 19. cxd4 Rac8 20. Rfc1 Qa5 21. Bc7 Rd7 22. Be5 Rxc1+ 23. Rxc1 Qxa3 24. Rd1 Bxf3 25. gxf3 Bxe5 26. dxe5 Rxd1+ 27. Qxd1 Qc5 28. f4 Qc8 29. Qa4 a5 30. Qb5 Qa8 31. Qxb6 a4 32. Qb2 a3 33. Qa2 Qa4 34. e6 f6 35. Qd2 Qb4 36. Qxb4 1-0


[Site "https://www.chess.com"]